 Dungeon Sprint DCSS version 0.21-a0-356-g45b0a09 (webtiles) character file.

13423 Kidiri the Warrior (level 11, -28/116 HPs)
             Began as a White Draconian Berserker on Oct 12, 2017.
             Was a Priest of Trog.
             Killed from afar by Ilsuiw (40 damage)
             ... with a shard of ice
             ... in the Dungeon (Sprint III: "The Ten Rune Challenge").
             The game lasted 00:15:26 (3165 turns).

Kidiri the Warrior (White Draconian Berserker)      Turns: 3165, Time: 00:15:27

Health: -28/116    AC:  7    Str: 19    XL:     11   Next: 75%
Magic:  3/3        EV: 23    Int:  8    God:    Trog [***...]
Gold:   43         SH:  0    Dex: 16    Spells: 10/10 levels left

rFire    . . .     SeeInvis .   a - +8 demon whip (antimagic)
rCold    + . .     Gourm    .   (no shield)
rNeg     . . .     Faith    .   (armour unavailable)
rPois    .         Spirit   .   (helmet restricted)
rElec    .         Reflect  .   (no cloak)
rCorr    .         Harm     .   (no gloves)
MR       .....     Clarity  +   (no boots) Stlth +.........NoTele +
                                (no amulet)
HPRegen  0.29/turn              (no ring)
MPRegen  0.08/turn              (no ring)

@: engulfed (cannot breathe), very slightly contaminated
A: breathe frost, unfitting armour, stinger 1, agile 1, clarity, cold resistance
1, cold-blooded, AC +7
a: Breathe Frost, Berserk, Trog's Hand, Burn Spellbooks, Renounce Religion


You were in the Dungeon.
You worshipped Trog.
Trog was most pleased with you.
You were not hungry.

You visited 1 branch You collected 43 gold pieces.

Inventory:

Hand Weapons
 a - a +8 antimagic demon whip (weapon)
Missiles
 l - 7 javelins
 r - 11 steel javelins
 t - 6 throwing nets (quivered)
 u - 9 javelins of penetration
Wands
 s - a wand of polymorph (9/24)
Scrolls
 k - a scroll of immolation
 m - 2 scrolls of remove curse
 p - a scroll of torment
Potions
 c - 2 potions of curing
 e - a potion of haste
 f - 2 potions of magic
 g - 2 potions of berserk rage
 j - 2 potions of mutation
 o - 5 potions of flight
 q - a potion of lignification {unknown}
Comestibles
 b - a bread ration
 n - 24 royal jellies


   Skills:
 * Level 16.8 Fighting
 * Level 15.7 Maces & Flails
 + Level 10.6 Throwing
 * Level 14.6 Dodging


You had 10 spell levels left.
You didn't know any spells.

Dungeon Overview and Level Annotations

Branches:
Dungeon (1/1)

Altars:
Cheibriados
Dithmenos
Elyvilon
Fedhas
Gozag
Hepliaklqana
Kikubaaqudgha
Makhleb
Nemelex Xobeh
Okawaru
Qazlal
Ru
Sif Muna
Trog
Uskayaw
Vehumet
Wu Jian
Xom
Yredelemnul
Zin
The Shining One
Beogh
Jiyva
Lugonu

Shops:
D }

Annotations:
D exclusion: 7 doors, Ilsuiw


Innate Abilities, Weirdness & Mutations

You can breathe waves of freezing cold.
You can buffet flying creatures when you breathe cold.
Your icy white scales are hard. (AC +7)
You cannot fit into any form of body armour.
Your flesh is cold resistant. (rC+)
You are cold-blooded and may be slowed by cold attacks.
Your tail ends in a poisonous barb.
You are agile. (Dex +2)
You possess an exceptional clarity of mind.


Message History

Unknown command.
The water elemental misses you. Something hits you!
* * * LOW HITPOINT WARNING * * *
Something freezes you.
* * * LOW HITPOINT WARNING * * *
Unknown command.
Unknown command.
Okay, then.
You completely miss something. The water elemental hits you!
* * * LOW HITPOINT WARNING * * *
The water elemental engulfs you in water!
Unknown command.
You hit something.
Your tail-slap misses something.
* * * LOW HITPOINT WARNING * * *
Your lungs strain for air!
The water elemental closely misses you.
You hear some strange, mumbled words.
A shard of ice appears from out of thin air!
The shard of ice hits you! You partially resist.
You die...

.####.##..###...'.⌠........#
###..##..####...#...######'#
.....##..###....#.⌠.#__#...#+####
##..##...##.....#...#__#...#....#
#÷.##....#......#+###__#...##.#.T
..###..##.#.....#.).#__#...'##.#.
..# #..#####....#___#__+...#.).#.
▓▓▓▓▓▓▓▓▓▓▓▓▓▓▓▓▓▓▓▓▓▓▓▓▓▓▓▓▓▓▓▓▓
+≈≈≈≈≈≈≈≈≈♣♣.@{..♣♣♣♣(≈≈......
#≈≈≈§§≈≈.≈♣♣EEE≈≈+♣♣'♣≈≈≈≈≈≈≈≈
#≈≈§§§§≈..≈'.)...#.≈♣♣♣♣♣♣♣♣♣♣
#≈≈≈§≈≈≈≈≈♣♣♣♣♣♣♣#).♣♣
#..≈≈.≈≈.≈♣ ###+♣♣♣♣♣
##+####'#######♣ ♣♣♣♣.##..##
........E)..EEE♣♣ ♣...##.##.#
#+#############'♣ ♣♣.##.##C##+
...#≈.(...(.EE..♣ ♣..#.##.).#


You could see 3 water elementals.

Vanquished Creatures
  Polyphemus (D)
  Erolcha (D)
  2 death yaks (D)
  A lindwurm (D)
  2 black mambas (D)
  2 spiny frogs (D)
  A rime drake (D)
  2 two-headed ogres (D)
  A komodo dragon (D)
  3 wandering mushrooms (D)
  A tyrant leech (D)
  A queen bee (D)
  6 blink frogs (D)
  3 dream sheep (D)
  A shadow (D)
  5 redbacks (D)
  A spatial vortex (D)
  A swamp drake (D)
  A necrophage (D)
  A water elemental (D)
  4 killer bees (D)
  A jelly (D)
  A wizard (D)
  A necromancer (D)
  A human (D)
  A kobold demonologist (D)
  An ooze (D)
  A phantom (D)
  3 rats (D)
  7 plants (D)
58 creatures vanquished.

Vanquished Creatures (collateral kills)
  Rupert (D)
  Urug (D)
  2 death yaks (D)
  A deep elf mage (D)
  A tyrant leech (D)
  2 blink frogs (D)
  2 humans (D)
  3 two-headed ogres (D)
  28 killer bees (D)
41 creatures vanquished.

Vanquished Creatures (others)
  2 draconian scorchers (D)
  6 hellions (D)
  3 yaktaurs (D)
  3 plants (D)
14 creatures vanquished.

Grand Total: 113 creatures vanquished

Notes
Turn   | Place    | Note
-------+----------+-------------------------------------------
     0 | D        | Kidiri the Draconian Berserker began the quest for the Orb.
     0 | D        | Reached XP level 1. HP: 19/19 MP: 1/1
    89 | D        | Killed a hellion
   116 | D        | Killed a yaktaur
   133 | D        | Killed a hellion
   134 | D        | Killed a hellion
   144 | D        | Reached ** piety under Trog
   146 | D        | Killed a hellion
   170 | D        | Killed a hellion
   173 | D        | Killed a hellion
   177 | D        | Killed a white draconian scorcher
   179 | D        | Reached skill level 4 in Fighting
   179 | D        | Reached skill level 1 in Throwing
   179 | D        | Reached XP level 2. HP: 28/28 MP: 2/2
   180 | D        | Killed a white draconian scorcher
   245 | D        | Gained mutation: You possess an exceptional clarity of mind. [potion of mutation]
   245 | D        | Gained mutation: You are agile. (Dex +2) [potion of mutation]
   245 | D        | Gained mutation: Your tail ends in a poisonous barb. [potion of mutation]
   272 | D        | Noticed a water elemental
   277 | D        | Killed a water elemental
   277 | D        | Reached *** piety under Trog
   277 | D        | Reached skill level 5 in Fighting
   277 | D        | Reached skill level 5 in Maces & Flails
   277 | D        | Reached skill level 5 in Dodging
   277 | D        | Reached XP level 3. HP: 35/37 MP: 3/3
   277 | D        | Reached XP level 4. HP: 42/44 MP: 4/4
   375 | D        | Found a radiant altar of Vehumet.
   375 | D        | Found a deep blue altar of Sif Muna.
   375 | D        | Found an ancient bone altar of Kikubaaqudgha.
   375 | D        | Noticed a wizard
   377 | D        | Reached **** piety under Trog
   377 | D        | Killed a wizard
   377 | D        | Reached skill level 6 in Fighting
   380 | D        | Reached ***** piety under Trog
   389 | D        | Killed a yaktaur
   397 | D        | Found a glowing silver altar of Zin.
   397 | D        | Found a glowing golden altar of the Shining One.
   397 | D        | Found a white marble altar of Elyvilon.
   398 | D        | Noticed a deep elf mage
   401 | D        | Killed a deep elf mage
   401 | D        | Received a gift from Trog
   401 | D        | Reached skill level 9 in Fighting
   401 | D        | Reached XP level 5. HP: 57/57 MP: 5/5
   401 | D        | Reached XP level 6. HP: 63/63 MP: 6/6
   414 | D        | Found an ornate altar of the Wu Jian Council.
   414 | D        | Found a roughly hewn altar of Beogh.
   414 | D        | Found an iron altar of Okawaru.
   414 | D        | Found a bloodstained altar of Trog.
   414 | D        | Found a hide-covered altar of Uskayaw.
   414 | D        | Noticed a human
   416 | D        | Noticed a human
   420 | D        | Killed a human
   420 | D        | Received a gift from Trog
   420 | D        | Reached skill level 5 in Throwing
   421 | D        | Killed a human
   421 | D        | Your scales start taking on an icy white colour.
   421 | D        | Reached XP level 7. HP: 70/70 MP: 7/7
   421 | D        | Gained mutation: Your flesh is cold resistant. (rC+) [White Draconian growth]
   523 | D        | Found a basalt altar of Yredelemnul.
   523 | D        | Found a shadowy altar of Dithmenos.
   523 | D        | Found a sacrificial altar of Ru.
   575 | D        | Noticed a shadow
   582 | D        | Reached skill level 10 in Fighting
   584 | D        | Killed a shadow
   620 | D        | Found a blossoming altar of Fedhas.
   620 | D        | Found a stormy altar of Qazlal.
   620 | D        | Found a snail-covered altar of Cheibriados.
   620 | D        | Found a burning altar of Makhleb.
   620 | D        | Found a shimmering altar of Xom.
   621 | D        | Found a hazy altar of Hepliaklqana.
   621 | D        | Found an opulent altar of Gozag.
   621 | D        | Found a sparkling altar of Nemelex Xobeh.
   621 | D        | Found a corrupted altar of Lugonu.
   621 | D        | Found a viscous altar of Jiyva.
   621 | D        | Noticed a spatial vortex
   635 | D        | Killed a spatial vortex
   686 | D        | Received a gift from Trog
   688 | D        | Reached skill level 10 in Maces & Flails
   688 | D        | Reached XP level 8. HP: 81/81 MP: 8/8
   720 | D        | Noticed a two-headed ogre
   728 | D        | Killed a two-headed ogre
   728 | D        | Reached skill level 11 in Fighting
   804 | D        | Noticed a two-headed ogre
   804 | D        | Noticed Erolcha
   820 | D        | Killed Erolcha
   820 | D        | Received a gift from Trog
   820 | D        | Reached skill level 10 in Dodging
   824 | D        | Killed a two-headed ogre
   824 | D        | Reached skill level 12 in Fighting
   848 | D        | Reached XP level 9. HP: 90/90 MP: 9/9
   984 | D        | Received a gift from Trog
   986 | D        | Noticed a queen bee
   989 | D        | Reached ****** piety under Trog
   989 | D        | Received a gift from Trog
   992 | D        | Received a gift from Trog
  1004 | D        | Received a gift from Trog
  1007 | D        | Reached skill level 13 in Fighting
  1010 | D        | Killed a queen bee
  1010 | D        | Received a gift from Trog
  1011 | D        | Received a gift from Trog
  1111 | D        | Noticed a wandering mushroom
  1115 | D        | Noticed a wandering mushroom
  1121 | D        | Killed a wandering mushroom
  1122 | D        | Noticed a wandering mushroom
  1129 | D        | Killed a wandering mushroom
  1233 | D        | Killed a yaktaur
  1242 | D        | Noticed a spiny frog
  1242 | D        | Noticed a komodo dragon
  1242 | D        | Noticed a spiny frog
  1249 | D        | Killed a spiny frog
  1249 | D        | Reached XP level 10. HP: 102/102 MP: 10/10
  1251 | D        | Killed a spiny frog
  1251 | D        | Received a gift from Trog
  1256 | D        | Reached skill level 14 in Fighting
  1439 | D        | Received a gift from Trog
  2001 | D        | Noticed a lindwurm
  2010 | D        | Killed a lindwurm
  2013 | D        | Received a gift from Trog
  2230 | D        | Noticed Urug
  2233 | D        | Killed Urug
  2342 | D        | Received a gift from Trog
  2347 | D        | Reached skill level 15 in Fighting
  2367 | D        | Received a gift from Trog
  2494 | D        | Noticed Rupert
  2500 | D        | Killed Rupert
  2500 | D        | Reached XP level 11. HP: 113/113 MP: 3/11
  2511 | D        | Noticed an azure jelly
  2511 | D        | Noticed an azure jelly
  2511 | D        | Noticed an azure jelly
  2511 | D        | Noticed an azure jelly
  2534 | D        | Noticed a death yak
  2535 | D        | Noticed a death yak
  2538 | D        | Noticed a death yak
  2539 | D        | Noticed a death yak
  2546 | D        | Killed a death yak
  2553 | D        | Killed a death yak
  2562 | D        | Killed a death yak
  2562 | D        | Reached skill level 10 in Throwing
  2568 | D        | Killed a death yak
  2568 | D        | Reached skill level 16 in Fighting
  2568 | D        | Reached skill level 15 in Maces & Flails
  2681 | D        | Received a gift from Trog
  2858 | D        | Noticed Polyphemus
  2893 | D        | Killed Polyphemus
  3083 | D        | Noticed Ilsuiw
  3084 | D        | Found Zeonus's Gadget Shoppe.
  3084 | D        | Noticed a sea snake
  3165 | D        | Killed from afar by Ilsuiw

Vault maps used:
D:        dungeon_sprint_mu

Skill      XL: |  1  2  3  4  5  6  7  8  9 10 11 |
---------------+----------------------------------+-----
Dodging        | 3 5 7 8 9 10 11 13 14 | 14.6
Fighting       | 4 5 9 10 12 13 15 16 | 16.8
Maces & Flails | 4 5 8 10 11 12 14 15 | 15.7
Throwing       | 1 2 4 5 6 7 8 9 10 | 10.6

Action                   |  1- 3 |  4- 6 |  7- 9 | 10-12 || total
-------------------------+-------+-------+-------+-------++-------
Melee: Mace              |    25 |     5 |    21 |       ||    51
       Tailslap          |       |     1 |    12 |    21 ||    34
       Great mace        |       |       |    34 |    11 ||    45
       Spear             |       |       |     1 |       ||     1
       Demon whip        |       |       |       |   151 ||   151
Throw: Javelin           |       |       |     9 |       ||     9
       Throwing net      |       |       |       |     2 ||     2
Invok: Berserk           |     3 |       |     5 |     7 ||    15
       Brothers in Arms  |       |     1 |     4 |     9 ||    14
       Burn Spellbooks   |       |     1 |       |       ||     1
 Abil: Breathe Frost     |       |       |     9 |     8 ||    17
  Use: Potion            |     1 |       |       |     1 ||     2
       Scroll            |       |       |     3 |     1 ||     4
 Stab: Sleeping          |       |       |     1 |     1 ||     2
       Distracted        |       |       |     2 |       ||     2
  Eat: Chunk             |       |     1 |     9 |    11 ||    21
       Meat ration       |       |       |       |     1 ||     1
       Royal jelly       |       |       |       |     2 ||     2
Armor: Skin              |     3 |       |     7 |     8 ||    18
Dodge: Dodged            |    13 |       |    52 |    67 ||   132

Table legend:
 A = Spawn XP
 B = Non-spawn XP
 C = Spawn XP percentage of total XP
 D = Spawn monster count
 E = Non-spawn monster count
 F = Spawn count percentage of total count
 G = Total turns spent on level
                    A         B        C        D         E        F      G
               +---------+---------+-------+---------+---------+-------+---------
         Total |       0 |   19176 |   0.0 |       0 |      92 |   0.0 |  3165
               +---------+---------+-------+---------+---------+-------+---------
             D |       0 |   19176 |   0.0 |       0 |      92 |   0.0 |  3165
               +---------+---------+-------+---------+---------+-------+---------
